 Dungeon Crawl Stone Soup version 0.25-a0-697-g890751e744 (webtiles) character file.

Game seed: 10200102791617423499, levelgen mode: deterministic

409768 tilp the Slingshot (level 24, 0/190 HPs)
             Began as a Halfling Skald on Mar 30, 2020.
             Was an Initiate of Gozag.
             Killed from afar by a fire giant (39 damage)
             ... with a fireball
             ... on level 2 of the Depths on Mar 31, 2020.
             The game lasted 03:31:25 (67601 turns).

tilp the Slingshot (Halfling Skald)                Turns: 67601, Time: 03:31:26

Health: 0/190      AC: 26    Str: 19    XL:     24   Next: 61%
Magic:  41/41      EV: 26    Int: 17    God:    Gozag
Gold:   8254       SH: 20    Dex: 23    Spells: 22/35 levels left

rFire    . . .     SeeInvis +   a - +3 scimitar (drain)
rCold    . . .     Gourm    .   T - +1 kite shield {AC+3}
rNeg     . . .     Faith    .   B - +4 ring mail of the Spheres {Regen+ Str+5}
rPois    .         Spirit   .   G - +2 helmet of Recklessness {MP+9 Int+3}
rElec    .         Reflect  +   p - +2 cloak "Edefaguf" {MR++}
rCorr    .         Harm     .   g - +2 pair of gloves
MR       +++++                  h - +2 pair of boots {run}
Stlth    +.........             Y - +5 amulet of reflection
HPRegen  0.81/turn              J - ring of the Mage {Wiz MR++ Int+3}
MPRegen  0.27/turn              Z - ring of see invisible

@: gold aura, quick
A: small, mutation resistance 1
}: 2/15 runes: decaying, serpentine
a: Potion Petition, Call Merchant, Bribe Branch, Renounce Religion


You were on level 2 of the Depths.
You worshipped Gozag.
Gozag was greatly pleased with you.
You were not hungry.

You visited 7 branches of the dungeon, and saw 38 of its levels.
You visited 1 bazaar.

You collected 21559 gold pieces.
You spent 7927 gold pieces at shops.
You paid 5378 gold pieces to Gozag.

Inventory:

Hand Weapons
 a - a +3 scimitar of draining (weapon)
 b - a +2 fustibalus of flaming
 E - a +3 rapier of electrocution
Missiles
 m - 80 stones
 K - 3 throwing nets
 L - 125 sling bullets
 M - 28 curare-tipped darts (quivered)
Armour
 g - a +2 pair of gloves (worn)
 h - a +2 pair of boots of running (worn)
 p - the +2 cloak "Edefaguf" (worn) {MR++}
   (You found it on level 1 of the Lair of Beasts)

   It affects your resistance to hostile enchantments.
 B - the +4 ring mail of the Spheres (worn) {Regen+ Str+5}
   (You found it on level 5 of the Dungeon)

   It affects your strength (+5).
   It increases your rate of regeneration.
 G - the +2 helmet of Recklessness (worn) {MP+9 Int+3}
   (You bought it in a shop on level 11 of the Dungeon)

   It affects your intelligence (+3).
   It affects your magic capacity (+9).
 T - a +1 kite shield of protection (worn)
 X - a +2 cloak of poison resistance
Jewellery
 w - an uncursed ring of protection from fire
 A - the ring of the Endless Curses {Wiz rF+ rN+ Str+4}
   (You found it on level 6 of the Lair of Beasts)

   [ring of wizardry]

   It improves your spell success rate.
   It affects your strength (+4).
   It protects you from fire.
   It protects you from negative energy.
 J - the ring of the Mage (left hand) {Wiz MR++ Int+3}
   (You found it on level 1 of the Swamp)

   [ring of wizardry]

   It improves your spell success rate.
   It affects your intelligence (+3).
   It affects your resistance to hostile enchantments.
 N - an uncursed ring of protection from cold
 Y - a +5 amulet of reflection (around neck)
 Z - a ring of see invisible (right hand)
Wands
 d - a wand of scattershot (11)
 e - a wand of paralysis (37)
 r - a wand of acid (13)
 x - a wand of iceblast (17)
 y - a wand of enslavement (9)
 O - a wand of digging (14)
Scrolls
 f - 3 scrolls of blinking
 k - 3 scrolls of fear
 t - a scroll of magic mapping
 z - 4 scrolls of teleportation
 C - 8 scrolls of enchant armour
 D - 10 scrolls of remove curse
 P - 2 scrolls of holy word
 U - 3 scrolls of silence
 V - 3 scrolls of identify
 W - 4 scrolls of fog
Potions
 i - 7 potions of mutation
 j - 6 potions of flight
 l - 5 potions of heal wounds
 n - 3 potions of resistance
 q - 6 potions of cancellation
 s - 4 potions of ambrosia
 v - 20 potions of curing
 H - 10 potions of haste
 I - 8 potions of might
 R - 9 potions of invisibility
Miscellaneous
 o - 2 phantom mirrors
 u - 2 boxes of beasts
 F - a lightning rod (4/4)
 Q - a phial of floods
 S - 2 tins of tremorstones
Comestibles
 c - 13 rations


   Skills:
 + Level 22.6 Fighting
 - Level 2.4(3.0) Short Blades
 + Level 2.1(2.5) Long Blades
   Level 12.0 Polearms
 + Level 23.8 Slings
 - Level 6.0 Armour
 - Level 15.0 Dodging
 - Level 12.0 Shields
 - Level 6.0 Spellcasting
 - Level 10.0 Charms
 - Level 2.1 Translocations
 - Level 8.0 Evocations


You had 22 spell levels left.
You knew the following spells:

 Your Spells              Type           Power        Failure   Level  Hunger
a - Infusion              Chrm           ####         1%          1    None
b - Shroud of Golubria    Chrm/Tloc      ####..       2%          2    None
c - Song of Slaying       Chrm           #####...     1%          2    None
d - Spectral Weapon       Hex/Chrm       ###.....     8%          3    ##.....
e - Blink                 Tloc           N/A          12%         2    None
f - Apportation           Tloc           ##....       9%          1    None
g - Swiftness             Chrm/Air       ###.....     4%          2    None

Your spell library contained the following spells:

 Spells                   Type           Power        Failure   Level  Hunger
 Ozocubu's Armour         Chrm/Ice       ###.....     8%          3    ##.....
 Animate Skeleton         Necr           N/A          19%         1    None
 Beastly Appendage        Tmut           #.....       19%         1    None
 Corona                   Hex            #......      19%         1    None
 Freeze                   Ice            #...         19%         1    None
 Magic Dart               Conj           #...         19%         1    None
 Sandblast                Erth           #.....       19%         1    None
 Shock                    Conj/Air       #...         19%         1    None
 Sting                    Tmut/Pois      #...         19%         1    None
 Summon Small Mammal      Summ           #...         19%         1    None
 Gell's Gravitas          Tloc           ##........   24%         3    ##.....
 Call Imp                 Summ           #.......     28%         2    None
 Corpse Rot               Necr/Air       N/A          28%         2    None
 Ensorcelled Hibernation  Hex/Ice        #.....       28%         2    None
 Passwall                 Tmut/Erth      #.......     28%         2    None
 Poisonous Vapours        Pois/Air       #.....       28%         2    None
 Slow                     Hex            #.......     28%         2    None
 Sticks to Snakes         Tmut           #.......     28%         2    None
 Portal Projectile        Hex/Tloc       #.....       34%         3    ##.....
 Confusing Touch          Hex            #.......     47%         3    ##.....
 Conjure Flame            Conj/Fire      #.......     47%         3    ##.....
 Dazzling Flash           Conj/Hex       #.....       47%         3    ##.....
 Frozen Ramparts          Ice            #.....       47%         3    ##.....
 Ignite Poison            Fire/Tmut/Pois #.......     47%         3    ##.....
 Inner Flame              Hex/Fire       #.......     47%         3    ##.....
 Mephitic Cloud           Conj/Pois/Air  #.......     47%         3    ##.....
 Spider Form              Tmut/Pois      #.........   47%         3    ##.....
 Static Discharge         Conj/Air       #.......     47%         3    ##.....
 Stone Arrow              Conj/Erth      #.....       47%         3    ##.....
 Tukima's Dance           Hex            #.......     47%         3    ##.....
 Excruciating Wounds      Chrm/Necr      ###.......   52%         5    #####..
 Iskenderun's Battlesphe  Conj/Chrm      ###.....     52%         5    #####..
 Airstrike                Air            #.........   86%         4    ####...
 Cause Fear               Hex            #.........   86%         4    ####...
 Dispel Undead            Necr           #.......     86%         4    ####...
 Hailstorm                Conj/Ice       #.......     86%         4    ####...
 Ice Form                 Ice/Tmut       #.......     86%         4    ####...
 Leda's Liquefaction      Hex/Erth       #.........   86%         4    ####...
 Olgreb's Toxic Radiance  Pois           #.......     86%         4    ####...
 Petrify                  Tmut/Erth      #.......     86%         4    ####...
 Summon Ice Beast         Ice/Summ       #.......     86%         4    ####...
 Summon Lightning Spire   Summ/Air       #.......     86%         4    ####...
 Agony                    Necr           #.......     99%         5    #####..
 Blade Hands              Tmut           #.........   99%         5    #####..
 Bolt of Magma            Conj/Fire/Erth #.........   99%         5    #####..
 Lee's Rapid Deconstruct  Erth           #.........   99%         5    #####..
 Lightning Bolt           Conj/Air       #.........   99%         5    #####..
 Metabolic Englaciation   Hex/Ice        #.........   99%         5    #####..
 Yara's Violent Unravell  Hex/Tmut       #.........   99%         5    #####..
 Eringya's Noxious Bog    Tmut/Pois      #.........   100%        6    #######
 Freezing Cloud           Conj/Ice/Air   #.........   100%        6    #######
 Iron Shot                Conj/Erth      #.........   100%        6    #######
 Ozocubu's Refrigeration  Ice            #.........   100%        6    #######
 Simulacrum               Ice/Necr       #.........   100%        6    #######
 Starburst                Conj/Fire      #.........   100%        6    #######
 Statue Form              Tmut/Erth      #........    100%        6    #######
 Orb of Destruction       Conj           #.........   100%        7    #######
 Spellforged Servitor     Conj/Summ      #.........   100%        7    #######
 Ignition                 Fire           #.........   100%        8    #######
 Shatter                  Erth           #.........   100%        9    #######
 Tornado                  Air            #.........   100%        9    #######


Dungeon Overview and Level Annotations

Branches:
Dungeon (15/15)            Temple (0/1) D:6            Lair (6/6) D:10
  Swamp (4/4) Lair:2        Snake (4/4) Lair:4        Slime (0/5) Lair:5
    Orc (2/2) D:10            Elf (0/3) Orc:2        Vaults (4/5) D:14
  Crypt (0/3) Vaults:2     Depths (3/5) D:15

Altars:
Ashenzari
Cheibriados
Dithmenos
Elyvilon
Fedhas
Gozag
Okawaru
Qazlal
Ru
Sif Muna
Uskayaw
Vehumet
Wu Jian
Xom
Yredelemnul

Shops:
D:11 ([   D:12 *   D:13 (   Orc:2 *}=%[   Snake:1 (!   Snake:2 *[(%   Snake:3 *
Snake:4 !   Vaults:1 %   Depths:1 ([

Portals:
Hell: Depths:1 Depths:2
Pandemonium: Depths:1

Annotations:
D:14 3 runed translucent doors, Hiunygara's ghost, journeyman TrTm


Innate Abilities, Weirdness & Mutations

You are small and have problems with some larger weapons.
You are somewhat resistant to further mutation.


Message History

The fire giant is moderately wounded.
The fire giant completely misses you.
You slash the stone giant!
The stone giant is lightly wounded.
You slash the stone giant! You drain the stone giant.
The stone giant is moderately wounded.
The stone giant closely misses you. The stone giant hits you!
* * * LOW HITPOINT WARNING * * *
You slash the stone giant!
The stone giant is moderately wounded.
You block the stone giant's attack.
You hit the stone giant. You drain the stone giant.
The stone giant is heavily wounded.
You block the stone giant's attack.
You barely miss the fire giant.
The fire giant is moderately wounded.
The fire giant casts a spell at you.
The fireball explodes!
The fireball engulfs you!!!
You die...
Your body crumbles into a pile of gold.

#........# #.# #..##.
#........####.#########..###
#...........................
#........#######........####
#..>.....# #...####.#
#........# #...# #.#
#........# #...# #.#
#....(...#######...####.####
#........CC@................
############################


You could see a fire giant and a stone giant.

Vanquished Creatures
  A juggernaut (Depths:1)
  Mara (Vaults:4)
  Saint Roka (Depths:1)
  Bai Suzhen (Swamp:4)
  Nikola (Depths:2)
  A bone dragon (Vaults:3)
  A lich (Vaults:3)
  Rupert (D:15)
  A tentacled monstrosity (Vaults:3)
  3 sphinxes
  Agnes (D:14)
  A storm dragon (Depths:2)
  Kirke (D:15)
  A tengu reaver (D:15)
  A thorn hunter (Swamp:1)
  12 nagarajas
  5 frost giants
  11 vault wardens
  4 deep elf sorcerers
  12 very ugly things
  7 stone giants
  16 ironheart preservers
  2 entropy weavers (Lair:6)
  A vampire knight (Vaults:2)
  3 deep elf demonologists
  6 dire elephants (Lair:6)
  A spark wasp (Depths:2)
  6 ettins
  A merfolk javelineer (Depths:1)
  2 green deaths (Swamp:4)
  2 death oozes (Swamp:4)
  4 fire dragons
  5 yaktaur captains
  3 great orbs of eyes
  The ghost of Weqiov the Fighter, a journeyman MiFi of Cheibriados (Lair:1)
  5 ice dragons
  2 rakshasas
  4 ghost crabs
  Fannar (D:10)
  21 naga warriors
  A hydra (shapeshifter) (Vaults:3)
  11 hydras
  A shambling mangrove (Swamp:4)
  5 vault guards
  13 anacondas
  2 death knights
  A hell beast (Swamp:4)
  A juggernaut simulacrum (Vaults:3)
  A catoblepas (D:14)
  The ghost of Nialoic the Fencer, a journeyman BaFi of Cheibriados (D:12)
  4 deep troll shamans
  A two-headed ogre (shapeshifter) (Vaults:3)
  6 centaur warriors
  47 two-headed ogres
  A queen ant (Lair:6)
  6 death yaks (Lair:6)
  12 ogre magi
  13 shock serpents
  11 alligators
  2 hell hogs (Depths:2)
  4 deep troll earth magi
  A spriggan berserker (Depths:2)
  10 naga sharpshooters
  Sonja (D:12)
  3 thrashing horrors (Swamp:4)
  4 tengu warriors
  A hell knight (Depths:2)
  8 deep elf knights
  Nergalle (D:10)
  2 iron trolls (Depths:2)
  9 salamander mystics
  3 sea snakes (Snake:4)
  2 shadow wraiths
  2 flayed ghosts
  11 skeletal warriors
  8 naga ritualists
  5 unseen horrors
  4 glowing orange brains
  17 deep trolls
  4 deep elf archers
  11 swamp dragons
  13 ironbrand convokers
  5 wizards
  An orange crystal statue (Vaults:1)
  A harpy (shapeshifter) (Vaults:4)
  4 lindwurms (Snake:4)
  13 orc knights
  2 necromancers
  A wolf spider zombie (D:14)
  20 harpies (Vaults:2)
  A large abomination (Swamp:4)
  An orb spider (shapeshifter) (Vaults:2)
  5 oklob plants
  14 mana vipers
  A shining eye (shapeshifter) (Depths:1)
  A fire giant zombie (Vaults:3)
  22 salamanders
  2 phantasmal warriors
  18 deep elf magi
  5 wolf spiders
  2 manticores
  2 orc sorcerers
  5 cyclopes
  A cyclops (shapeshifter) (Depths:1)
  56 ugly things
  15 elephants
  41 black mambas
  A stone giant skeleton (Vaults:3)
  12 vault sentinels
  9 guardian serpents
  10 spiny frogs
  A spriggan skeleton (Vaults:3)
  26 naga magi
  A spiny frog (shapeshifter) (Depths:1)
  A storm dragon simulacrum (Vaults:3)
  2 gargoyles (D:10)
  2 yaktaurs (shapeshifter)
  2 orange demons (Swamp:4)
  5 freezing wraiths
  A komodo dragon (shapeshifter) (D:14)
  Maggie (D:7)
  36 yaktaurs
  An efreet (D:14)
  2 kobold demonologists (D:13)
  An anaconda simulacrum (Lair:1)
  A human skeleton (Vaults:2)
  A golden dragon simulacrum (Vaults:3)
  13 komodo dragons
  3 tengu conjurers
  A wind drake (shapeshifter) (Vaults:1)
  A troll (shapeshifter) (Vaults:1)
  9 trolls
  6 tyrant leeches
  A jumping spider (shapeshifter) (D:15)
  2 hornets (shapeshifter)
  A sphinx simulacrum (Vaults:3)
  A dream sheep (Lair:5)
  3 ettin zombies
  9 hornets
  11 hippogriffs
  A blink frog (shapeshifter) (D:15)
  12 blink frogs
  A meliai zombie (D:10)
  12 bog bodies
  A dream sheep (shapeshifter) (D:15)
  41 slime creatures
  A human simulacrum (Vaults:1)
  2 elf skeletons (Vaults:3)
  A centaur simulacrum (D:15)
  7 water elementals
  5 spriggans
  2 vampires
  3 wraiths
  31 yaks
  A wyvern (D:15)
  4 shadows
  4 basilisks
  A hog (shapeshifter) (Vaults:3)
  3 hungry ghosts
  2 hogs
  A basilisk (shapeshifter) (Depths:2)
  8 vampire mosquitoes
  A steam dragon (D:10)
  26 insubstantial wisps
  43 nagas
  18 swamp worms
  2 acid dragons
  10 wargs
  26 soldier ants
  A hydra simulacrum (Lair:1)
  10 hell hounds (Depths:2)
  12 water moccasins
  A soldier ant (shapeshifter) (D:15)
  5 porcupines
  3 swamp drakes
  3 ice beasts
  3 sky beasts
  An eye of draining (shapeshifter) (Vaults:1)
  2 small abominations
  3 black bears
  40 orc warriors
  2 phantoms (D:10)
  A hornet zombie (D:15)
  2 necrophages (D:10)
  63 ogres
  24 boggarts
  4 wolves (Lair:2)
  12 centaurs
  15 crocodiles
  An elf simulacrum (Vaults:1)
  6 big kobolds
  11 bullfrogs
  A gnoll sergeant (D:8)
  A spiny frog simulacrum (Lair:1)
  A wyvern skeleton (D:8)
  6 scorpions
  4 wights (D:7)
  4 killer bees (D:10)
  A vampire bat (Vaults:3)
  4 howler monkeys
  2 electric eels (Lair:6)
  2 crimson imps
  8 centaur zombies
  2 quasits
  An iron imp (Depths:1)
  A water moccasin simulacrum (Lair:1)
  4 jellies
  5 centaur skeletons
  2 hounds
  19 orc priests
  33 orc wizards
  7 bullfrog skeletons
  An iguana (D:11)
  30 worker ants
  7 hell rats
  A killer bee zombie (D:10)
  A wolf simulacrum (Lair:1)
  A hound zombie (D:7)
  2 hound skeletons
  A mummy (D:6)
  A howler monkey zombie (D:9)
  9 adders
  14 gnolls
  A howler monkey skeleton (D:7)
  3 shadow imps
  An ooze (D:3)
  2 adder skeletons
  6 worms
  3 dart slugs
  7 leopard geckos
  104 orcs
  5 giant cockroaches
  9 goblins
  10 hobgoblins
  21 jackals
  35 kobolds
  8 quokkas
  3 ball pythons
  7 bats
  2 frilled lizards (D:2)
  7 rats
  A fungus (Lair:5)
  2 macabre masses (Vaults:3)
  6 plants
1748 creatures vanquished.

Vanquished Creatures (collateral kills)
  A deep elf death mage (Vaults:4)
  An alligator (Swamp:1)
2 creatures vanquished.

Vanquished Creatures (others)
  A vault warden (Vaults:3)
  Aizul (Depths:1)
  A stone giant (Depths:2)
  A fire dragon (Depths:2)
  2 yaktaur captains (Vaults:2)
  A centaur warrior (Vaults:1)
  An ogre mage (Vaults:1)
  A naga sharpshooter (Snake:3)
  2 deep elf archers
  An orc knight (Vaults:1)
  A deep elf mage (Vaults:4)
  3 ugly things (Swamp:4)
  2 cyclopes
  A vault sentinel (Vaults:3)
  A naga mage (Vaults:3)
  A centaur skeleton (D:15)
  11 yaktaurs
  2 wyverns (D:10)
  A vampire mosquito (Swamp:1)
  2 ogres (Vaults:4)
  A boggart (Depths:1)
  A centaur (Vaults:1)
  An orc (Depths:1)
  20 fungi
  38 plants
  23 spectral weapons
121 creatures vanquished.

Grand Total: 1871 creatures vanquished

Notes
Turn   | Place    | Note
-------+----------+-------------------------------------------
     0 | D:1      | tilp the Halfling Skald began the quest for the Orb.
     0 | D:1      | Reached XP level 1. HP: 14/14 MP: 3/3
   312 | D:1      | Reached XP level 2. HP: 19/19 MP: 0/4
   396 | D:1      | Learned a level 2 spell: Shroud of Golubria
   768 | D:1      | Reached XP level 3. HP: 16/24 MP: 5/5
  1436 | D:2      | Found a radiant altar of Vehumet,
  1704 | D:2      | Reached skill level 5 in Charms
  1704 | D:2      | Reached XP level 4. HP: 29/29 MP: 6/6
  1974 | D:2      | Reached XP level 5. HP: 34/34 MP: 7/7
  2531 | D:2      | Found an ornate altar of the Wu Jian Council,
  2537 | D:2      | Found an opulent altar of Gozag,
  2553 | D:2      | Became a worshipper of Gozag Ym Sagoz the Greedy
  3027 | D:3      | Learned a level 2 spell: Song of Slaying
  3342 | D:3      | Reached XP level 6. HP: 42/42 MP: 8/8
  3657 | D:4      | Noticed an ogre
  3667 | D:4      | Killed an ogre
  3760 | D:4      | Noticed an ogre
  3769 | D:4      | Killed an ogre
  3792 | D:4      | Found Buko's Food Boutique,
  3796 | D:4      | Reached XP level 7. HP: 39/48 MP: 10/10
  4090 | D:4      | Got a transparent long sword
  4684 | D:4      | Found a blossoming altar of Fedhas,
  4797 | D:5      | Entered Level 5 of the Dungeon
  4814 | D:5      | Found a shattered altar of Ashenzari,
  4819 | D:5      | Got a twisted ring mail
  4830 | D:5      | Identified the +1 long sword "Seoresk" {drain, MR+} (You
                  | found it on level 4 of the Dungeon)
  4831 | D:5      | Identified the +4 ring mail of the Spheres {Regen+ Str+5}
                  | (You found it on level 5 of the Dungeon)
  4846 | D:5      | Learned a level 3 spell: Spectral Weapon
  4987 | D:5      | Reached skill level 1 in Evocations
  4987 | D:5      | Reached XP level 8. HP: 54/54 MP: 9/14
  5755 | D:5      | Reached skill level 5 in Fighting
  6169 | D:6      | Found a shimmering altar of Xom,
  6233 | D:6      | Found a hide-covered altar of Uskayaw,
  6331 | D:6      | Reached XP level 9. HP: 61/61 MP: 1/15
  7009 | D:6      | Found a staircase to the Ecumenical Temple,
  7070 | D:6      | Found a snail-covered altar of Cheibriados,
  7215 | D:7      | Found a stormy altar of Qazlal,
  7332 | D:7      | Found a hide-covered altar of Uskayaw,
  7397 | D:7      | Noticed Maggie
  7415 | D:7      | Killed Maggie
  7417 | D:7      | Reached skill level 2 in Slings
  7638 | D:7      | Reached skill level 3 in Slings
  7653 | D:7      | Reached skill level 4 in Slings
  7805 | D:8      | Found a white marble altar of Elyvilon,
  7876 | D:8      | Reached skill level 5 in Slings
  7885 | D:8      | Reached skill level 6 in Slings
  7885 | D:8      | Reached XP level 10. HP: 68/72 MP: 9/16
  7891 | D:8      | Reached skill level 1 in Polearms
  8879 | D:8      | Found a sacrificial altar of Ru,
  9034 | D:4      | Bought a ration for 70 gold pieces
  9034 | D:4      | Bought a ration for 70 gold pieces
  9034 | D:4      | Bought a ration for 70 gold pieces
  9034 | D:4      | Bought a ration for 70 gold pieces
  9034 | D:4      | Bought a ration for 70 gold pieces
  9034 | D:4      | Bought a ration for 70 gold pieces
  9034 | D:4      | Bought a ration for 70 gold pieces
  9034 | D:4      | Bought a ration for 70 gold pieces
  9034 | D:4      | Bought a ration for 70 gold pieces
  9162 | D:8      | Reached skill level 5 in Polearms
  9468 | D:9      | Found a basalt altar of Yredelemnul,
  9636 | D:9      | Killed an unseen horror
  9764 | D:9      | Found an iron altar of Okawaru,
  9801 | D:9      | Noticed a two-headed ogre
  9812 | D:9      | Killed a two-headed ogre
  9812 | D:9      | Reached XP level 11. HP: 59/77 MP: 3/17
 10304 | D:10     | Entered Level 10 of the Dungeon
 10862 | D:10     | Reached skill level 10 in Fighting
 10879 | D:10     | Reached skill level 7 in Slings
 10890 | D:10     | Found a staircase to the Orcish Mines,
 11029 | D:10     | Noticed Fannar
 11060 | D:10     | Killed Fannar
 11060 | D:10     | Reached skill level 8 in Slings
 11162 | D:10     | Reached skill level 9 in Slings
 11390 | D:10     | Noticed Nergalle
 11401 | D:10     | Killed Nergalle
 11401 | D:10     | Reached skill level 10 in Slings
 11653 | D:10     | Found a staircase to the Lair,
 11665 | D:10     | Got a fine robe
 11805 | D:10     | Reached XP level 12. HP: 85/85 MP: 18/18
 11857 | D:10     | Identified the +1 robe of the Barber Surgeon {rN+ rCorr
                  | Str+6} (You found it on level 10 of the Dungeon)
 12176 | D:11     | You fall into a shaft and drop 1 floor!
 12176 | D:12     | Noticed Sonja
 12181 | D:12     | Found a white marble altar of Elyvilon,
 12186 | D:12     | Killed Sonja
 12741 | D:11     | Killed an unseen horror
 13021 | D:11     | Bought a fine rapier for 207 gold pieces
 13023 | D:11     | Bought a heavily runed helmet for 294 gold pieces
 13125 | Lair:1   | Entered Level 1 of the Lair of Beasts
 13170 | Lair:1   | Found a runed translucent gate,
 13170 | Lair:1   | Found a runed translucent gate,
 13170 | Lair:1   | Found a runed translucent gate,
 13171 | Lair:1   | Noticed Weqiov's ghost (journeyman MiFi)
 13214 | Lair:1   | Found a transporter,
 13352 | Lair:1   | Found a transporter,
 13506 | Lair:1   | Reached skill level 10 in Polearms
 14184 | Lair:1   | Identified the +2 helmet of Recklessness {MP+9 Int+3} (You
                  | bought it in a shop on level 11 of the Dungeon)
 14191 | Lair:1   | Identified the +6 rapier "Ceomoo" {vorpal, Int+4} (You
                  | bought it in a shop on level 11 of the Dungeon)
 14310 | Lair:2   | Reached skill level 5 in Dodging
 14465 | Lair:2   | Got a vibrating jade amulet
 14533 | Lair:2   | Found a staircase to the Swamp,
 14551 | Lair:2   | Identified the amulet "Bixoest" {Inacc rC+ rN+} (You found
                  | it on level 2 of the Lair of Beasts)
 14990 | Lair:2   | Reached skill level 1 in Shields
 15396 | Lair:3   | Reached XP level 13. HP: 57/92 MP: 19/19
 15819 | Lair:4   | Reached skill level 5 in Shields
 15825 | Lair:4   | Noticed a five-headed hydra
 15862 | Lair:4   | Killed a five-headed hydra
 16108 | Lair:4   | Got a brightly glowing scale mail
 16145 | Lair:4   | Found a staircase to the Snake Pit,
 16573 | Lair:4   | Identified a scroll of acquirement
 16659 | Lair:5   | Found a staircase to the Slime Pits,
 17335 | Lair:5   | Reached skill level 11 in Slings
 17716 | Lair:6   | Entered Level 6 of the Lair of Beasts
 17908 | Lair:5   | Reached skill level 12 in Slings
 18105 | Lair:6   | Noticed an entropy weaver
 18146 | Lair:6   | Killed an entropy weaver
 18284 | Lair:6   | Noticed a five-headed hydra
 18293 | Lair:6   | Killed a five-headed hydra
 18293 | Lair:6   | Reached skill level 13 in Slings
 18322 | Lair:6   | Reached XP level 14. HP: 95/99 MP: 20/20
 18568 | Lair:5   | Reached skill level 14 in Slings
 18768 | Lair:6   | Reached skill level 5 in Evocations
 18773 | Lair:6   | Noticed an entropy weaver
 18813 | Lair:6   | Killed an entropy weaver
 19730 | Lair:6   | Reached skill level 5 in Spellcasting
 20640 | Lair:6   | Noticed a dire elephant
 20640 | Lair:6   | Noticed a dire elephant
 20662 | Lair:6   | Noticed a dire elephant
 20826 | Lair:6   | Noticed a dire elephant
 20862 | Lair:6   | Killed a dire elephant
 20893 | Lair:6   | Killed a dire elephant
 21048 | Lair:6   | Killed a dire elephant
 21244 | Lair:6   | Noticed a dire elephant
 21275 | Lair:6   | Killed a dire elephant
 21356 | Lair:6   | Noticed a dire elephant
 21392 | Lair:6   | Killed a dire elephant
 21498 | Lair:6   | Got a warped silver ring
 21555 | Lair:6   | Killed a dire elephant
 21900 | D:11     | Bought a brightly glowing hat for 279 gold pieces
 21910 | D:11     | Identified the cursed +0 scale mail of Peek-a-Boo {rC+
                  | Str-3 Dex+2} (You found it on level 4 of the Lair of
                  | Beasts)
 21924 | D:11     | Identified the cursed -5 hat of the Ageless Hells {rElec
                  | Regen+ Str+6 Dex-4} (You bought it in a shop on level 11 of
                  | the Dungeon)
 21927 | D:11     | Identified the ring of the Endless Curses {Wiz rF+ rN+
                  | Str+4} (You found it on level 6 of the Lair of Beasts)
 22040 | D:12     | Reached XP level 15. HP: 105/105 MP: 24/24
 22289 | D:12     | Found Adisoafe's Serpentskin Sales,
 22392 | D:12     | Found a runed translucent door,
 22392 | D:12     | Noticed Nialoic's ghost (journeyman BaFi)
 22472 | Orc:1    | Entered Level 1 of the Orcish Mines
 22657 | Orc:2    | Entered Level 2 of the Orcish Mines
 22657 | Orc:2    | Found a staircase to the Elven Halls,
 23466 | Orc:1    | Paralysed by an ogre mage for 3 turns
 23943 | Orc:2    | Found Xejuawuq's Jewellery Boutique,
 23945 | Orc:2    | Found Icvykyn's Food Emporium,
 23951 | Orc:2    | Found Miputtip's Gadget Boutique,
 23951 | Orc:2    | Found Filek's Assorted Antiques,
 24010 | Orc:2    | Bought a scroll of identify for 70 gold pieces
 24010 | Orc:2    | Bought a scroll of identify for 70 gold pieces
 24010 | Orc:2    | Bought a scroll of identify for 70 gold pieces
 24010 | Orc:2    | Bought a murky silvery potion for 31 gold pieces
 24559 | Orc:1    | You fall into a shaft and drop 1 floor!
 25112 | D:13     | Found a flickering gateway to a bazaar,
 25135 | Bazaar   | Entered a bazaar
 25139 | Bazaar   | Found Mouzekim's Jewellery Emporium,
 25144 | Bazaar   | Found Zaapp's Armour Emporium,
 25150 | Bazaar   | Found Tima's Distillery,
 25152 | Bazaar   | Bought a +2 pair of boots of running for 456 gold pieces
 25166 | Bazaar   | Found Faceukaek's Distillery,
 25201 | Bazaar   | Found Zuojuewi's Weapon Shoppe,
 25242 | Bazaar   | Bought a potion of mutation for 56 gold pieces
 25242 | Bazaar   | Bought 2 potions of haste for 140 gold pieces
 25242 | Bazaar   | Bought a potion of invisibility for 56 gold pieces
 25242 | Bazaar   | Bought a potion of curing for 21 gold pieces
 25242 | Bazaar   | Bought a potion of haste for 70 gold pieces
 25242 | Bazaar   | Bought a potion of mutation for 56 gold pieces
 25242 | Bazaar   | Bought a potion of heal wounds for 35 gold pieces
 25248 | Bazaar   | Bought a potion of invisibility for 96 gold pieces
 25248 | Bazaar   | Bought a potion of heal wounds for 60 gold pieces
 25248 | Bazaar   | Bought a potion of might for 48 gold pieces
 25248 | Bazaar   | Bought a potion of flight for 36 gold pieces
 25248 | Bazaar   | Bought a potion of curing for 36 gold pieces
 25248 | Bazaar   | Bought a potion of invisibility for 96 gold pieces
 25248 | Bazaar   | Bought a potion of curing for 36 gold pieces
 25248 | Bazaar   | Bought a potion of magic for 96 gold pieces
 25248 | Bazaar   | Bought a potion of heal wounds for 60 gold pieces
 25248 | Bazaar   | Bought a potion of heal wounds for 60 gold pieces
 25248 | Bazaar   | Bought a potion of resistance for 120 gold pieces
 25666 | D:13     | Found a shadowy altar of Dithmenos,
 26077 | D:14     | Noticed Agnes
 26212 | D:13     | Reached XP level 16. HP: 117/117 MP: 25/25
 26361 | D:14     | Killed Agnes
 26627 | D:13     | Reached skill level 10 in Dodging
 27130 | D:14     | Found a gate to the Vaults,
 27551 | D:14     | Found a runed translucent gate,
 27552 | D:14     | Found a runed translucent gate,
 27552 | D:14     | Found a runed translucent gate,
 27825 | D:15     | Entered Level 15 of the Dungeon
 28408 | D:15     | Noticed Rupert
 28578 | D:15     | Noticed Kirke
 28590 | D:15     | Noticed a sphinx
 28639 | D:15     | Killed Kirke
 28804 | D:15     | Reached skill level 15 in Fighting
 28823 | D:15     | Killed Rupert
 29118 | D:15     | Noticed a tengu reaver
 29146 | D:15     | Killed a tengu reaver
 29146 | D:15     | Reached skill level 10 in Charms
 29449 | D:15     | Reached XP level 17. HP: 109/127 MP: 26/26
 29842 | D:15     | Found a staircase to the Depths,
 30202 | Orc:2    | Bought a +5 amulet of reflection for 453 gold pieces
 30208 | Orc:2    | Bought a box of beasts for 280 gold pieces
 30208 | Orc:2    | Bought a box of beasts for 280 gold pieces
 30208 | Orc:2    | Bought a phantom mirror for 420 gold pieces
 30208 | Orc:2    | Bought a phantom mirror for 420 gold pieces
 30390 | Swamp:1  | Entered Level 1 of the Swamp
 30429 | Swamp:1  | Learned a level 2 spell: Blink
 30431 | Swamp:1  | Learned a level 1 spell: Apportation
 30725 | Swamp:1  | Found the ring of the Mage {Wiz MR++ Int+3}
 31203 | Swamp:1  | Noticed a thorn hunter
 31222 | Swamp:1  | Killed a thorn hunter
 31437 | Swamp:1  | Learned a level 2 spell: Swiftness
 33548 | Swamp:4  | Entered Level 4 of the Swamp
 34968 | Swamp:4  | Reached XP level 18. HP: 138/138 MP: 27/27
 35171 | Swamp:4  | Noticed Bai Suzhen
 35201 | Swamp:4  | Killed Bai Suzhen
 36363 | Swamp:4  | Reached skill level 5 in Armour
 36529 | Swamp:4  | Got a decaying rune of Zot
 36798 | Snake:1  | Entered Level 1 of the Snake Pit
 36916 | Snake:1  | Reached skill level 1 in Translocations
 37294 | Snake:1  | Found Utsemm's Antique Weapon Boutique,
 37560 | Snake:1  | Bought a bone trident for 289 gold pieces
 37560 | Snake:1  | Identified the cursed +1 trident "Qafacumm" {distort, rElec
                  | MR+ Int+3 SInv} (You bought it in a shop on level 1 of the
                  | Snake Pit)
 37699 | Snake:1  | Found Yveploama's Distillery,
 37707 | Snake:1  | Bought a potion of mutation for 128 gold pieces
 37840 | Snake:1  | You fall into a shaft and drop 1 floor!
 37845 | Snake:2  | Found Faddyjoll's Armour Shoppe,
 37845 | Snake:2  | Found Urroel's Food Shoppe,
 37845 | Snake:2  | Found Mabutor's Antique Weapon Shoppe,
 38978 | Snake:2  | Found Qoulim's General Store,
 39762 | Snake:2  | Reached XP level 19. HP: 144/148 MP: 28/28
 41338 | Snake:3  | Found Iokhafi's Incredible Inventory,
 42312 | Snake:4  | Entered Level 4 of the Snake Pit
 43116 | Snake:4  | Found Hilog's Distillery,
 44285 | Snake:4  | Reached XP level 20. HP: 159/159 MP: 29/29
 44817 | Snake:4  | Reached skill level 15 in Slings
 45302 | Snake:4  | Reached skill level 16 in Slings
 45861 | Snake:4  | Reached skill level 17 in Slings
 46468 | Snake:4  | Got a serpentine rune of Zot
 46844 | Lair:1   | Got a faintly humming cloak
 46848 | Lair:1   | Identified the +2 cloak "Edefaguf" {MR++} (You found it on
                  | level 1 of the Lair of Beasts)
 46932 | Lair:1   | Killed Weqiov's ghost
 47295 | Lair:5   | Identified the +2 chain mail of the Gravedigger {MP+9} (You
                  | found it on level 5 of the Lair of Beasts)
 47512 | D:12     | Killed Nialoic's ghost
 47859 | D:14     | Found a runed translucent gate,
 47859 | D:14     | Found a runed translucent gate,
 47869 | D:14     | Found a runed translucent gate,
 47869 | D:14     | Noticed Hiunygara's ghost (journeyman TrTm)
 47928 | Vaults:1 | Entered Level 1 of the Vaults
 48302 | Vaults:1 | Reached skill level 18 in Slings
 48392 | Vaults:1 | Found a shimmering blue altar of Sif Muna,
 48839 | Vaults:1 | Reached XP level 21. HP: 166/166 MP: 30/30
 48964 | Vaults:1 | Found Biuxon's Food Shoppe,
 49493 | Vaults:1 | Reached skill level 10 in Shields
 50024 | Vaults:1 | Reached skill level 19 in Slings
 51163 | Vaults:2 | HP: 8/166 [vampire knight/vampiric draining (23)]
 51632 | Vaults:2 | Reached skill level 20 in Slings
 52216 | Vaults:2 | Found a white marble altar of Elyvilon,
 52972 | Vaults:2 | Reached XP level 22. HP: 155/174 MP: 31/31
 53381 | Vaults:2 | Found a staircase to the Crypt,
 53945 | Vaults:2 | You fall into a shaft and drop 1 floor!
 54001 | Vaults:3 | You fall into a shaft and drop 1 floor!
 54924 | Vaults:4 | Reached skill level 21 in Slings
 57089 | Vaults:3 | Reached XP level 23. HP: 181/181 MP: 32/32
 57850 | Vaults:3 | Reached skill level 22 in Slings
 58109 | Vaults:3 | HP: 1/181 [frost giant/bolt of cold (41)]
 58119 | Vaults:3 | HP: 5/181 [ettin/+0 dire flail (15)]
 59644 | Vaults:3 | Identified the Compendium of Transformation
 60182 | Vaults:3 | Identified the Catalogue of Dark Secrets
 60827 | Vaults:4 | Noticed Mara
 60873 | Vaults:4 | Killed Mara
 61390 | Vaults:4 | Identified the +0 pair of gloves of the Hall of Blades
                  | {rCorr Stlth+} (You found it on level 4 of the Vaults)
 61957 | Snake:2  | Bought 19 stones for 36 gold pieces
 61957 | Snake:2  | Bought a scroll of fog for 38 gold pieces
 61957 | Snake:2  | Bought a box of beasts for 380 gold pieces
 61957 | Snake:2  | Bought a scroll of enchant armour for 142 gold pieces
 62252 | Depths:1 | Entered Level 1 of the Depths
 62291 | Depths:1 | Bought a shiny kite shield for 277 gold pieces
 62291 | Depths:1 | Bought an ancient helmet for 351 gold pieces
 62291 | Depths:1 | Identified the +0 helmet of the Failed Coup {MR+ Str-5
                  | Dex+8 SInv} (You bought it in a shop on level 1 of the
                  | Depths)
 62466 | Depths:1 | Reached skill level 23 in Slings
 62536 | Depths:1 | Reached XP level 24. HP: 149/189 MP: 32/32
 62559 | Depths:1 | Noticed Aizul
 62579 | Depths:1 | Killed Aizul
 62764 | Depths:1 | Found a one-way gate leading to the halls of Pandemonium,
 62778 | Depths:1 | Bought a +3 vorpal scimitar for 529 gold pieces
 62846 | Depths:1 | Found a gateway to Hell,
 62929 | Depths:1 | Noticed Saint Roka
 63038 | Depths:1 | HP: 1/189 [merfolk javelineer/javelin (10)]
 63609 | Depths:1 | Killed Saint Roka
 64419 | Snake:1  | Bought 2 potions of heal wounds for 160 gold pieces
 64419 | Snake:1  | Bought a potion of curing for 48 gold pieces
 64419 | Snake:1  | Bought a potion of heal wounds for 80 gold pieces
 64518 | Snake:4  | Bought a potion of heal wounds for 60 gold pieces
 64518 | Snake:4  | Bought a potion of curing for 36 gold pieces
 64518 | Snake:4  | Bought a potion of heal wounds for 60 gold pieces
 64809 | Orc:2    | Bought a potion of heal wounds for 175 gold pieces
 65137 | Depths:2 | Noticed Nikola
 65168 | Depths:2 | Killed Nikola
 65716 | Depths:2 | Noticed a juggernaut
 65785 | Depths:2 | Upgraded the game from 0.25-a0-690-g234afa57d4 to
                  | 0.25-a0-697-g890751e744
 65964 | Depths:1 | Killed a juggernaut
 65964 | Depths:1 | Reached skill level 15 in Dodging
 66325 | Depths:2 | Identified the cursed +0 pair of gloves of Aziyrch {rElec
                  | rF- MR+} (You found it on level 2 of the Depths)
 66442 | Depths:2 | Identified Buywnesk's Compendium of Aerial Ignition
 66691 | Depths:2 | Identified the Guide on the Gliding Volcanoes
 66804 | Depths:2 | Reached skill level 1 in Long Blades
 67601 | Depths:2 | Killed from afar by a fire giant

Levels and vault maps discovered:
D:1:      onia_arrival_mini_maze_b, layout_loops_cross,
          chequers_serial_rivers_small_a
D:2:      minmay_razor_zed, layout_basic, nicolae_overflow_crystal_walls,
          gammafunk_temple_overflow_pools
D:3:      layout_loops_ring
D:4:      layout_basic, nicolae_overflow_hidden_temple, serial_shops,
          nicolae_shop_crystal, lemuel_old_faithful
D:5:      layout_basic, cheibrodos_ashenzari_chains, first_ration
D:6:      layout_loops_ring, eat_drink_and_be_merry_uskayaw, slow_altar_2,
          xom_teletrap_fun, minmay_temple_entry_enclosed_plants,
          minmay_quadrilaterals
D:7:      layout_gridville, nicolae_qazlal_general_emergency, basic_altar,
          uniq_maggie
D:8:      layout_basic, kennysheep_mini, elyvilon_altar_4
D:9:      layout_small_grid, kennysheep_little_box, okawaru_gym_becter,
          minivault_5, minmay_starry_boxes
D:10:     layout_irregular_city, erik_lair_dragon, david_orc_3, uniq_fannar,
          uniq_nergalle
D:11:     layout_loops_corners, hangedman_pestilent_swarm, item_on_display_b
D:12:     layout_big_octagon, basic_altar, gammafunk_ghost_grave,
          guppyfry_shop_venom, uniq_sonja
D:13:     layout_loops_ring, serial_shops, bzr_entry_lakeside, basic_altar,
          palyth_stone_intersect
D:14:     layout_cave_pools, skrybe_vaults_entry_preservation,
          ploomutoo_gammafunk_ghost_potion_laboratory,
          minmay_misc_feat_diagonals, uniq_agnes
D:15:     gammafunk_enter_depths_forms, layout_basic, serial_curves,
          eino_curves_03, eino_curves_02, eino_curves_01,
          chequers_serial_rivers_room_b, minmay_three_doors, uniq_rupert,
          uniq_kirke
Lair:1:   gammafunk_cloud_chamber, layout_chaotic_city,
          ebering_ghost_rock_garden, wad_woods_02, infiniplex_staircase_pool
Lair:2:   layout_roguey, swamp_mist, minmay_holes, st_stairs_10, zaba_anthole
Lair:3:   layout_long_grid
Lair:4:   layout_loops_ring, dummy_snake_entry, st_stairs_12
Lair:5:   layout_long_grid, slime_dummy, beast_lair_carwin_11,
          minmay_lair_oklob_chamber
Lair:6:   due_jungle_book, layout_loops_ring, zaba_anthell,
          serial_bayou_shore_a, infiniplex_staircase_pool_2
Swamp:1:  layout_basic_swamp, evilmike_swamp_ruin_wall
Swamp:2:  layout_basic_swamp, nicolae_swamp_round_clearing, swamp_pool2
Swamp:3:  layout_basic_swamp, evilmike_swamp_ruin_house_4, swamp_pool4
Swamp:4:  swamp_vile, layout_basic_swamp, uniq_bai_suzhen
Snake:1:  layout_misc_corridors, serial_shops, nicolae_shop_trees, shop
Snake:2:  layout_honeycomb, minmay_shop_grid_forest, nicolae_snake_squiggles
Snake:3:  layout_gridlike, nicolae_alphabet_shops, nicolae_large_snake_swirl,
          grunt_megastairs_2
Snake:4:  snake_pit_salamanders_mu, layout_cave_town, serial_shops, shop,
          nicolae_snake_springs
Orc:1:    layout_diamond_mine
Orc:2:    st_orc_ogre_mass, layout_caves
Vaults:1: vaults_room_fancy_cross, nicolae_vaults_hallways_thing,
          hangedman_vaults_cutoff, v_misc_30, nicolae_vaults_statue_guard,
          nicolae_vaults_ring_of_whatevers, hangedman_vaults_maws, v_misc_22,
          grunt_vaults_funnel, vaults_dpeg_encased_lava,
          nicolae_vaults_little_squares_6, layout_vaults_chaotic_city,
          serial_shops, nicolae_shop_waterfront, basic_altar
Vaults:2: minmay_crypt_entry_simple_round, v_rooms_6,
          ontoclasm_vaults_loading_screen, nicolae_vaults_quartermaster,
          nicolae_vaults_little_squares_6, nicolae_vaults_little_squares_6,
          nicolae_vaults_specimen_jars, hangedman_vaults_unwind,
          nicolae_vaults_network_barrier, vaults_dpeg_ring, vaults_dpeg_hooks,
          grunt_vaults_trifunnel, v_alt_pattern_6, v_pattern_1,
          layout_vaults_maze, basic_altar
Vaults:3: ontoclasm_vaults_pinch, nicolae_vaults_bisected_exclaves,
          vaults_room_large_hall, vaults_room_glass_cross,
          nicolae_vaults_alarming, grunt_vaults_hallway_long, v_rooms_1,
          hangedman_vaults_capsules, v_misc_13, nicolae_vaults_border_crossing,
          v_misc_24, v_rooms_3, v_alt_pattern_3, v_misc_19,
          layout_vaults_omnibox, serial_hangedman_research,
          hangedman_research_metamorphosis, hangedman_research_thanatology
Vaults:4: v_alt_pattern_2, hangedman_vaults_slice, ontoclasm_vaults_gateway,
          nicolae_vaults_asterisk, hangedman_vaults_trim, vaults_room_octagon,
          ontoclasm_vaults_idyll, nicolae_vaults_little_squares_2, st_cross,
          layout_vaults_omnigrid, uniq_mara
Depths:1: layout_cave_shapes, nrook_mini_backslash, pf_hell_entry_tar_spiral,
          rand_demon_pan_entry_7, grunt_ministairs_4, st_stairs_9,
          serial_bayou_lake_a, uniq_aizul, uniq_saint_roka
Depths:2: minmay_fractal_lines_corner, layout_small_grid, minmay_misc_feat_x,
          serial_rivers, chequers_serial_rivers_large_b,
          chequers_serial_rivers_room_b, chequers_serial_rivers_marsh,
          chequers_serial_rivers_micro_c, chequers_serial_rivers_small_3,
          grunt_hell_horde, minmay_tree_intersection,
          chequers_serial_rivers_room_a, serial_bayou_crossing,
          infiniplex_staircase_diamond, uniq_nikola
Depths:3: grunt_bent_corner, layout_cave_pools, enter_ziggurat_d,
          mu_enter_wizlab_3, kennysheep_flooded_box, rand_demon_pan_entry_5,
          hangedman_geh_valley

Skill      XL: |  1  2  3  4  5  6  7  8  9 10 11 12 13 14 15 16 17 18 19 20 21 22 23 24 |
---------------+-------------------------------------------------------------------------+-----
Charms         | 4 5 6 8 10 | 10.0
Fighting       | 3 4 5 8 10 13 15 17 19 20 21 22 | 22.6
Spellcasting   | 2 4 6 |  6.0
Evocations     | 1 3 4 8 |  8.0
Dodging        | 4 6 9 10 12 14 15 | 15.0
Slings         | 6 10 13 14 18 20 21 23 | 23.8
Polearms       | 6 7 10 12 | 12.0
Shields        | 4 5 9 10 12 | 12.0
Armour         | 6 |  6.0
Translocations | 2 |  2.1
Long Blades    | 2 |  2.1
Short Blades   | |  2.4

Action                   |  1- 3 |  4- 6 |  7- 9 | 10-12 | 13-15 | 16-18 | 19-21 | 22-24 || total
-------------------------+-------+-------+-------+-------+-------+-------+-------+-------++-------
Melee: Short sword       |    19 |       |       |       |       |       |       |       ||    19
       Spear             |    75 |   142 |   392 |   928 |  1577 |    14 |       |       ||  3128
       Rapier            |       |       |       |    13 |       |       |       |       ||    13
       Fustibalus        |       |       |       |       |       |       |     1 |       ||     1
       Scimitar          |       |       |       |       |       |       |       |    67 ||    67
 Fire: Hunting sling     |       |    26 |    64 |   122 |       |       |       |       ||   212
       Fustibalus        |       |       |       |       |   420 |  2520 |  2929 |  2641 ||  8510
Throw: Stone             |       |     1 |       |     1 |       |       |       |       ||     2
       Dart              |       |       |       |       |       |     1 |       |     3 ||     4
       Throwing net      |       |       |       |       |       |       |       |     2 ||     2
 Cast: Infusion          |     9 |     4 |    10 |     4 |     6 |       |       |       ||    33
       Shroud of Golubri |     1 |     3 |    11 |    18 |    39 |    11 |     8 |     7 ||    98
       Spectral Weapon   |       |       |     5 |    29 |    62 |       |       |       ||    96
       Song of Slaying   |       |       |     1 |       |       |       |       |       ||     1
       Blink             |       |       |       |       |       |       |     1 |       ||     1
Invok: Call Merchant     |       |       |       |     2 |     1 |     1 |       |     2 ||     6
       Potion Petition   |       |       |       |       |       |       |     1 |     1 ||     2
Evoke: Wand              |       |       |       |    19 |    23 |    19 |       |       ||    61
       Lightning rod     |       |       |       |       |     4 |       |       |       ||     4
       Box of beasts     |       |       |       |       |       |     2 |       |     4 ||     6
  Use: Potion            |     1 |       |       |     2 |       |       |     1 |    14 ||    18
       Scroll            |       |     3 |     6 |    16 |    12 |    10 |     4 |    19 ||    70
 Stab: Sleeping          |     1 |     3 |       |       |       |       |       |       ||     4
       Distracted        |       |     1 |     2 |     9 |    22 |       |       |       ||    34
       Paralysed         |       |       |       |     5 |       |       |       |       ||     5
  Eat: Chunk             |     3 |     3 |       |       |       |       |       |       ||     6
       Ration            |       |     1 |     5 |     9 |    13 |    11 |    10 |    12 ||    61
Armor: Leather armour    |    17 |    33 |    11 |       |       |       |       |       ||    61
       Ring mail         |       |       |   102 |   302 |   259 |   305 |   292 |   249 ||  1509
Dodge: Dodged            |    47 |    94 |   238 |   522 |   686 |   803 |   777 |   680 ||  3847
Block: Buckler           |       |       |       |    23 |   318 |   630 |   549 |       ||  1520
       Reflection        |       |       |       |       |       |    19 |   139 |    76 ||   234
       Kite shield       |       |       |       |       |       |       |   272 |  1119 ||  1391
       Rpst.: Scimitar   |       |       |       |       |       |       |       |    15 ||    15

Table legend:
 A = Non-vault XP
 B = Vault XP
 C = Vault XP percentage of total XP
 D = Non-vault monster count
 E = Vault monster count
 F = Vault count percentage of total count
                 A         B        C        D         E       F
            +---------+---------+-------+---------+---------+-------
      Total |  452081 |  314839 |  41.1 |    1252 |     523 |  29.5
            +---------+---------+-------+---------+---------+-------
        D:1 |      30 |       0 |   0.0 |      16 |       0 |   0.0
        D:2 |     120 |      20 |  14.3 |      28 |      10 |  26.3
        D:3 |     115 |       0 |   0.0 |      30 |       0 |   0.0
        D:4 |     522 |       0 |   0.0 |      19 |       0 |   0.0
        D:5 |     833 |       0 |   0.0 |      29 |       0 |   0.0
        D:6 |     665 |     352 |  34.6 |      20 |       8 |  28.6
        D:7 |     594 |     370 |  38.4 |      13 |       1 |   7.1
        D:8 |    1936 |       0 |   0.0 |      36 |       0 |   0.0
        D:9 |    1815 |    1029 |  36.2 |      24 |       4 |  14.3
       D:10 |    4031 |    3018 |  42.8 |      51 |      13 |  20.3
       D:11 |    3102 |     615 |  16.5 |      20 |       4 |  16.7
       D:12 |    1934 |    1912 |  49.7 |      16 |       5 |  23.8
       D:13 |   12116 |       0 |   0.0 |      33 |       0 |   0.0
       D:14 |   11456 |   20455 |  64.1 |      30 |      25 |  45.5
       D:15 |   15296 |   11223 |  42.3 |      41 |      17 |  29.3
     Lair:1 |    1711 |    2602 |  60.3 |       8 |      10 |  55.6
     Lair:2 |    2627 |     105 |   3.8 |      16 |       3 |  15.8
     Lair:3 |    2286 |       0 |   0.0 |      14 |       0 |   0.0
     Lair:4 |    7379 |       0 |   0.0 |      18 |       0 |   0.0
     Lair:5 |    6566 |    5734 |  46.6 |      27 |      16 |  37.2
     Lair:6 |   19939 |   10331 |  34.1 |      41 |      51 |  55.4
    Swamp:1 |   12623 |       0 |   0.0 |      31 |       0 |   0.0
    Swamp:2 |   12075 |       0 |   0.0 |      29 |       0 |   0.0
    Swamp:3 |    8876 |       0 |   0.0 |      30 |       0 |   0.0
    Swamp:4 |   19030 |   23617 |  55.4 |      58 |      31 |  34.8
    Snake:1 |   13525 |       0 |   0.0 |      23 |       0 |   0.0
    Snake:2 |   26623 |    1447 |   5.2 |      47 |       2 |   4.1
    Snake:3 |   26738 |    2183 |   7.5 |      48 |       4 |   7.7
    Snake:4 |   25635 |   52414 |  67.2 |      45 |      76 |  62.8
      Orc:1 |    2152 |   10124 |  82.5 |      30 |      17 |  36.2
      Orc:2 |    1368 |   10079 |  88.0 |      27 |      26 |  49.1
   Vaults:1 |   41295 |    7593 |  15.5 |      76 |      14 |  15.6
   Vaults:2 |   45236 |   27476 |  37.8 |      72 |      41 |  36.3
   Vaults:3 |   27791 |   50821 |  64.6 |      49 |      70 |  58.8
   Vaults:4 |   51404 |   32275 |  38.6 |      81 |      33 |  28.9
   Depths:1 |   17906 |   24434 |  57.7 |      35 |      23 |  39.7
   Depths:2 |   17445 |   14610 |  45.6 |      29 |      19 |  39.6
   Depths:3 |    7286 |       0 |   0.0 |      12 |       0 |   0.0
            +---------+---------+-------+---------+---------+-------
